 Dungeon Crawl Stone Soup version 0.31.0-12-g77e489cdc1 (webtiles) character file.

Game seed: 5517020428717560927

1770 Doot the Magician (level 9, -4/52 HPs)
             Began as an Octopode Necromancer on Mar 3, 2024.
             Was a Follower of Kikubaaqudgha.
             Killed by divine providence
             ... invoked by an orc priest
              (11 damage)
             ... on level 7 of the Dungeon.
             The game lasted 00:12:58 (7470 turns).

Doot the Magician (Octopode Necromancer)            Turns: 7470, Time: 00:13:00

Health: -4/52      AC:  1    Str:  9    XL:     9   Next: 7%
Magic:  16/19      EV: 13    Int: 20    God:    Kikubaaqudgha [*.....]
Gold:   268        SH:  0    Dex: 12    Spells: 9/22 levels left

rFire   . .          .
                       - Unarmed
rCold   . . .        (no shield)
rNeg    . . .        (helmet currently unavailable)
rPois   .            (no amulet)
rElec   .            (no ring)
rCorr   .            (no ring)
SInv    .            (no ring)
Will    .....        (no ring)
Stlth   +++          (no ring)
HPRegen 0.28/turn    (no ring)
MPRegen 0.16/turn    (no ring)
                     (no ring)

%: no passive effects
@: beast-form, animating dead
A: beast (slay +1), almost no armour, amphibious, 8 rings, camouflage 1,
gelatinous body 1, (nimble swimmer 1), tentacles
a: Begin Untransformation, Renounce Religion, Unearth Wretches


You were on level 7 of the Dungeon.
You worshipped Kikubaaqudgha.
Kikubaaqudgha was aware of your devotion.
You were a hulking beast.
You visited 2 branches of the dungeon, and saw 8 of its levels.
You also visited: Ossuary.

You collected 268 gold pieces.

Inventory:

Magical Staves
 a - a staff of death
 z - a staff of conjuration
Talismans
 b - a blade talisman
 h - a beast talisman (active)
Wands
 p - a wand of flame (42)
 C - a wand of digging (5)
Scrolls
 c - a scroll of amnesia {unknown}
 d - 3 scrolls of enchant weapon {unknown}
 e - 10 scrolls of identify {unknown}
 f - 2 scrolls of enchant armour {unknown}
 k - a scroll of acquirement {unknown}
 l - 5 scrolls of teleportation {unknown}
 m - 2 scrolls of revelation {unknown}
 q - 2 scrolls of noise {unknown}
 t - a scroll of fear {unknown}
 w - 3 scrolls of poison {unknown}
 y - a scroll of immolation {unknown}
 B - a scroll of vulnerability {unknown}
Potions
 g - 3 potions of attraction {unknown}
 i - 4 potions of lignification {unknown}
 j - a potion of magic
 n - a potion of cancellation {unknown}
 o - a potion of invisibility {unknown}
 r - 2 potions of heal wounds {unknown}
 s - a potion of ambrosia {unknown}
 u - a potion of might {unknown}
 v - a potion of enlightenment {unknown}
 x - a potion of curing {unknown}
 A - 2 potions of degeneration {unknown}


   Skills:
 + Level 0.4 Fighting
 + Level 2.1 Dodging
 + Level 4.0 Stealth
 * Level 5.5 Unarmed Combat
 * Level 7.1 Spellcasting
 + Level 6.2 Necromancy
 * Level 2.8 Shapeshifting


You had 9 spell levels left.
You knew the following spells:

 Your Spells              Type           Power      Damage    Failure   Level
a - Necrotise             Necr           100%       1d9       1%          1
b - Vampiric Draining     Necr           32%        2d8       2%          3
c - Animate Dead          Necr           32%        N/A       7%          4
d - Curse of Agony        Necr           32%        N/A       21%         5

Your spell library contained the following spells:

 Spells                   Type           Power      Damage    Failure   Level
 Sublimation of Blood     Necr           32%        N/A       1%          2
 Kiss of Death            Conj/Necr      76%        2d11      2%          1
 Cigotuvi's Dreadful Rot  Necr/Alch/Air  30%        N/A       6%          2
 Summon Small Mammal      Summ           28%        N/A       10%         1
 Call Imp                 Summ           14%        N/A       14%         2
 Call Canine Familiar     Summ           7%         N/A       28%         3
 Summon Blazeheart Golem  Fire/Summ      7%         N/A       67%         4
 Summon Hydra             Summ           3%         N/A       100%        7


Dungeon Overview and Level Annotations

Branches:
Dungeon (7/15)             Temple (1/1) D:4         Ossuary (visited)

Altars:
Cheibriados
Dithmenos
Fedhas
Gozag
Hepliaklqana
Kikubaaqudgha
Makhleb
Qazlal
Ru
Sif Muna
Uskayaw
Vehumet
Xom
Yredelemnul
Zin
The Shining One

Shops:
D:4 [

Annotations:
Temple 4 transporters


Innate Abilities, Weirdness & Mutations

You are a hulking beast.
Your limbs bulge with bestial killing power. (Slay +1)
You cannot wear most types of armour.
You are amphibious.
You can wear up to eight rings at the same time.
Your skin changes colour to match your surroundings (Stealth+).
Your rubbery body absorbs attacks. (AC +1, EV +1)
((You are camouflaged when in or above water. (Stealth+)))
You have tentacles for arms and can constrict up to eight enemies at once.


Message History

The orc shouts!
You tentacle-slap the orc priest.
The orc priest is heavily wounded.
You constrict the orc priest. The orc priest hits you with a +0 club.
Unknown command.
You closely miss the orc priest. You grab the orc priest.
You tentacle-slap the orc priest.
The orc priest is lightly wounded.
You constrict the orc priest, but do no damage. x2
The orc priest hits you with a +0 club. The orc priest closely misses you.
Unknown command.
You completely miss the orc priest.
The orc priest is lightly wounded.
You constrict the orc priest. x2
Unknown command.
You tentacle-slap the orc priest but do no damage.
You squeeze the orc priest, but do no damage.
The orc priest is moderately wounded.
You constrict the orc priest, but do no damage.
You constrict the orc priest.
You kill the orc priest!
Kikubaaqudgha accepts your kill.
The dead are walking!
The orc priest hits you with a +0 club.
* * * LOW HITPOINT WARNING * * *
Something hits you.
* * * LOW HITPOINT WARNING * * *
Unknown command.
You tentacle-slap the orc priest but do no damage.
You tentacle-slap the orc priest, but do no damage.
You squeeze the orc priest.
The orc priest is heavily wounded.
You constrict the orc priest, but do no damage.
The orc hits you with a +0 club.
* * * LOW HITPOINT WARNING * * *
Something hits you.
* * * LOW HITPOINT WARNING * * *
The orc priest calls down the wrath of Beogh upon you.
Beogh smites you!
You die...
Kikubaaqudgha rasps: "You have failed me!
Welcome... death!"

#. #.#.# #.#.#
+####.#.#####
............#
............#
.......oo.Z.###.
........h).o....
####.#.########
#<.....#
#.#..#.# #.#..#
#.# .# #.. .#
#.. # #..


You could see an orc priest (ally target), 2 orcs and a friendly orc priest
zombie.

Vanquished Creatures
  A water moccasin (D:6)
  2 black bears
  An ice beast (D:6)
  2 ogres
  A scorpion (D:4)
  6 bullfrog zombies (Ossuary)
  3 jellies
  3 bombardier beetles
  2 hounds (D:5)
  An orc priest (D:7)
  5 mummies (Ossuary)
  2 iguanas
  4 sleepcaps
  A killer bee zombie (Ossuary)
  3 crocodile zombies (Ossuary)
  5 hound zombies (Ossuary)
  4 howler monkey zombies (Ossuary)
  4 gnolls (D:6)
  8 adders
  3 dart slugs
  5 ribbon worms
  14 orcs
  8 ball pythons
  4 endoplasms
  A giant cockroach (D:4)
  6 hobgoblins
  8 kobolds
  2 quokkas
  A ball python zombie (Ossuary)
  5 bats
  3 frilled lizards
  5 goblins
  6 rats
129 creatures vanquished.

Vanquished Creatures (collateral kills)
  An endoplasm (D:1)
  A hobgoblin (D:4)
2 creatures vanquished.

Grand Total: 131 creatures vanquished

Notes
Turn   | Place    | Note
-------+----------+-------------------------------------------
     0 | D:1      | Doot the Octopode Necromancer began the quest for the Orb.
     0 | D:1      | Reached XP level 1. HP: 11/11 MP: 3/3
   220 | D:1      | Reached XP level 2. HP: 15/17 MP: 0/5
   790 | D:2      | Reached XP level 3. HP: 18/21 MP: 0/6
  1139 | D:2      | Reached skill level 3 in Spellcasting
  1314 | D:2      | Reached XP level 4. HP: 27/27 MP: 5/8
  1668 | D:2      | Learned a level 3 spell: Vampiric Draining
  1708 | D:2      | Found a faded altar of an unknown god.
  2105 | D:3      | Reached skill level 1 in Unarmed Combat
  2111 | D:3      | Learned a level 4 spell: Animate Dead
  2266 | D:3      | Found a burning altar of Makhleb.
  2635 | D:4      | Found a radiant altar of Vehumet.
  2641 | D:4      | Reached XP level 5. HP: 31/31 MP: 5/10
  2738 | D:4      | Noticed a black bear
  2745 | D:4      | Killed a black bear
  2746 | D:4      | Reached skill level 4 in Spellcasting
  2746 | D:4      | Reached skill level 5 in Necromancy
  2746 | D:4      | Reached XP level 6. HP: 36/36 MP: 6/12
  2791 | D:4      | Found a staircase to the Ecumenical Temple.
  2800 | D:4      | Found Zesuwni's Armour Shop.
  2807 | Temple   | Found a transporter.
  2807 | Temple   | Found a transporter.
  2807 | Temple   | Found a transporter.
  2807 | Temple   | Found a transporter.
  2807 | Temple   | Entered the Ecumenical Temple
  3471 | D:4      | Reached skill level 5 in Spellcasting
  3471 | D:4      | Reached XP level 7. HP: 39/41 MP: 4/14
  3729 | D:5      | Entered Level 5 of the Dungeon
  4432 | D:5      | Reached skill level 1 in Shapeshifting
  4445 | D:5      | Found a hazy altar of Hepliaklqana.
  5016 | D:6      | Reached XP level 8. HP: 21/46 MP: 0/16
  5143 | D:6      | Reached skill level 6 in Spellcasting
  5235 | D:6      | Found a hide-covered altar of Uskayaw.
  5238 | D:6      | Found an ancient bone altar of Kikubaaqudgha.
  5246 | D:6      | Became a worshipper of Kikubaaqudgha
  5278 | D:6      | Found a snail-covered altar of Cheibriados.
  5417 | D:6      | Found a shimmering altar of Xom.
  5429 | D:6      | Found a sacrificial altar of Ru.
  5502 | D:6      | Found a sand-covered staircase.
  5509 | Ossuary  | Entered an ossuary
  5906 | Ossuary  | Reached skill level 7 in Spellcasting
  6162 | Ossuary  | Reached * piety under Kikubaaqudgha
  6162 | Ossuary  | Received a gift from Kikubaaqudgha
  6267 | Ossuary  | Reached skill level 5 in Unarmed Combat
  6531 | Ossuary  | Reached XP level 9. HP: 31/51 MP: 19/19
  6971 | D:6      | Learned a level 5 spell: Curse of Agony
  7061 | D:6      | Found a glowing silver altar of Zin.
  7470 | D:7      | Killed from afar by an orc priest

Illustrated notes

Levels and vault maps discovered:
D:1:      eino_arrival_water_cross, layout_rooms, hangedman_decor_lopped
D:2:      layout_loops_corners, shapermc_ecumenical_altar_acropolis
D:3:      layout_rooms, mainiacjoe_overflow_alcove_2, roderic_malta_cross,
          chequers_serial_rivers_room_b, nicolae_kite_square_tiling_tiny
D:4:      layout_basic, vehumet_altar_wand_db,
          minmay_temple_entry_statues_fountains, serial_shops, shop,
          grunt_decor_resistance
D:5:      layout_loops_corners, mainiacjoe_overflow_catwalk,
          dreamdust_princess_bridge, nicolae_underground_beach
D:6:      layout_cave_pods, marbit_many_paths, kennysheep_mini,
          lemuel_coloured_pillars_altar, cheibrodos_worm_habitat,
          chequers_temple_overflow_statue_of_worship,
          chequers_ossuary_entry_cave
D:7:      layout_basic, lemuel_doored_altar, minmay_hedge_maze,
          minmay_misc_feat_tiny, minmay_shop_grid_forest, uniq_prince_ribbit1
Temple:   hellmonk_temple_divided_pantheon

Skill      XL: |  1  2  3  4  5  6  7  8  9 |
---------------+----------------------------+-----
Spellcasting   | 3 4 5 7 |  7.1
Unarmed Combat | 1 2 3 5 |  5.5
Stealth        | 3 4 |  4.0
Necromancy     | 5 6 |  6.2
Shapeshifting  | 2 |  2.8
Fighting       | |  0.4
Dodging        | |  2.1

Action                     |  1- 3 |  4- 6 |  7- 9 || total
---------------------------+-------+-------+-------++-------
  Melee: Unarmed           |    19 |       |   147 ||   166
         Constrict         |     4 |     1 |    30 ||    35
         Tentacles         |     4 |     2 |    51 ||    57
         Staff             |       |     2 |       ||     2
         Punch             |       |       |     8 ||     8
   Cast: Necrotise         |    52 |    82 |   116 ||   250
         Vampiric Draining |       |     3 |     7 ||    10
         Animate Dead      |       |       |     1 ||     1
  Evoke: Wand              |       |       |     3 ||     3
   Stab: Sleeping          |       |       |     3 ||     3
         Distracted        |       |       |     2 ||     2
 Armour: Skin              |    14 |     6 |    88 ||   108
  Dodge: Dodged            |    18 |    11 |    84 ||   113
   Form: Beast             |     1 |       |       ||     1
